 Dungeon Crawl Stone Soup version 0.30-a0-578-gdee14c521f (webtiles) character file.

Game seed: 76571580797206922

72 greenreed the Trooper (level 4, 0/40 HPs)
             Began as a Minotaur Fighter on Dec 31, 2022.
             Killed from afar by Natasha (2 damage)
             ... with a magic dart
             ... on level 2 of the Dungeon.
             The game lasted 00:01:52 (1043 turns).

greenreed the Trooper (Minotaur Fighter)            Turns: 1043, Time: 00:01:52

Health: 0/40       AC:  7    Str: 23    XL:     4   Next: 6%
Magic:  3/3        EV:  6    Int:  5    God:
Gold:   108        SH:  4    Dex:  9    Spells: 3/3 levels left

rFire   . . .      SeeInvis .    a - +0 flail
rCold   . . .      Faith    .    c - +0 buckler
rNeg    . . .      Spirit   .    b - +0 scale mail
rPois   .          Reflect  .    (helmet restricted)
rElec   .          Harm     .    (no cloak)
rCorr   .          Rampage  .    (no gloves)
Will    .....                    (no boots) Stlth
                                 (no amulet)
HPRegen 0.26/turn                (no ring)
MPRegen 0.08/turn                (no ring)

@: mighty, grasped by roots, slowed, constricted, very slow
A: horns 2, retaliatory headbutt
a: no special abilities


You were on level 2 of the Dungeon.
You visited 1 branch of the dungeon, and saw 2 of its levels.

You collected 108 gold pieces.

Inventory:

Hand Weapons
 a - a +0 flail (weapon)
Armour
 b - a +0 scale mail (worn)
 c - a +0 buckler (worn)
Scrolls
 e - 2 scrolls of fog {unknown}
 f - 3 scrolls of identify {unknown}
 g - 3 scrolls of magic mapping {unknown}
 h - a scroll of blinking {unknown}
Potions
 d - a potion of might
 i - a potion of berserk rage {unknown}
 j - a potion of cancellation {unknown}
 k - a potion of brilliance {unknown}
 l - a potion of attraction {unknown}


   Skills:
 + Level 4.1 Fighting
 + Level 3.6 Maces & Flails
 + Level 4.1 Armour
 + Level 1.1 Dodging
 + Level 4.1 Shields


You had 3 spell levels left.
You didn't know any spells.
Your spell library was empty.

Dungeon Overview and Level Annotations

Branches:
Dungeon (2/15)

Altars:
Ru

Annotations:
D:2 Natasha


Innate Abilities, Weirdness & Mutations

You have a pair of horns on your head.
You reflexively headbutt those who attack you in melee.


Message History

You have reached level 4!
You feel stronger.
You start resting.
Natasha, Servant of Life and Death comes into view.
She is carrying a wand of roots (5).
Natasha hisses angrily.
Natasha stares at you and mumbles some strange words.
You feel yourself slow down.
You open the door.
Natasha zaps a wand.
The roots erupt in riotous growth!
The grasping roots grab you! The grasping roots constrict you.
The roots grasp on you weakens, but your attempt to escape fails.
The grasping roots constrict you.
* * * LOW HITPOINT WARNING * * *
The grasping roots constrict you.
* * * LOW HITPOINT WARNING * * *
The grasping roots release their grip on you.
Natasha stares at you and mumbles some strange words.
The magic dart hits you.
* * * LOW HITPOINT WARNING * * *
There is an open door here.
You close the door.
You start resting.
Natasha is nearby!
You hit Natasha.
Natasha is lightly wounded.
Natasha casts a spell at you.
You feel as though you will be slow longer.
Natasha zaps a wand.
The roots erupt in riotous growth!
The grasping roots grab you!
Natasha is unaffected.
The grasping roots constrict you.
* * * LOW HITPOINT WARNING * * *
You feel very mighty all of a sudden. Natasha claws you but does no damage.
The grasping roots constrict you. Natasha claws you but does no damage.
The grasping roots constrict you.
* * * LOW HITPOINT WARNING * * *
You thump Natasha!
Natasha is almost dead.
Natasha stares at you and mumbles some strange words.
The magic dart hits you.
You die...

#.#.####...~~
#.#.#......~# .
#.#.#.#####~# .#
#.#........≈# .#
#..........≈ .#
#.#.##.......# ## .##
#.#........... .. ..#
#.#....####### .## ..#
#.#.......h@.###..### ..##
#.#.##.#####.#......# ...#
#.#.##.#####+#....#
...###.#...............#
.......#.........h.....#
...####..........?.†..##
...# #.............###
...# #.....###....[#
...####.....###.....#####.


You could see Natasha.

Vanquished Creatures
  Natasha (D:2)
  A worm (D:2)
  5 bats (D:1)
  2 endoplasms (D:1)
  A giant cockroach (D:1)
  10 goblins
  3 hobgoblins
  3 jackals (D:1)
  5 quokkas
  2 ball pythons
  4 frilled lizards (D:1)
  A rat (D:2)
38 creatures vanquished.

Notes
Turn   | Place    | Note
-------+----------+-------------------------------------------
     0 | D:1      | greenreed the Minotaur Fighter began the quest for the Orb.
     0 | D:1      | Reached XP level 1. HP: 19/19 MP: 0/0
   209 | D:1      | Reached XP level 2. HP: 27/27 MP: 1/1
   256 | D:1      | Found a faded altar of an unknown god.
   554 | D:1      | Reached XP level 3. HP: 33/33 MP: 2/2
   848 | D:2      | Found a sacrificial altar of Ru.
   986 | D:2      | Noticed Natasha
   994 | D:2      | Killed Natasha
   995 | D:2      | Reached skill level 1 in Dodging
   995 | D:2      | Reached XP level 4. HP: 11/40 MP: 3/3
  1027 | D:2      | Noticed Natasha
  1042 | D:2      | HP: 1/40 [constriction (5)]
  1043 | D:2      | Killed from afar by Natasha

Illustrated notes

Levels and vault maps discovered:
D:1:      spicycebolla_arrival_xxxplode, layout_loops_cross,
          shapermc_ecumenical_altar_totnotflames, minmay_pentomino_v2
D:2:      kennysheep_the_goblin_king, layout_basic, basic_altar, serial_shops,
          shop, grunt_ministairs_1, st_stairs_10, minmay_crystal_water,
          uniq_natasha

Skill      XL: |  1  2  3 |
---------------+----------+-----
Fighting       | 4 |  4.1
Shields        | 4 |  4.1
Armour         | 4 |  4.1
Maces & Flails | 3 |  3.6
Dodging        | 1 |  1.1

Action                   |  1- 3 |  4- 6 || total
-------------------------+-------+-------++-------
Melee: Flail             |    85 |     2 ||    87
       Headbutt          |    10 |       ||    10
  Use: Potion            |       |     1 ||     1
Armor: Scale mail        |    46 |     2 ||    48
Dodge: Dodged            |    52 |       ||    52
Block: Buckler           |    19 |       ||    19

Table legend: (Time is in decaauts)
 A = Elapsed time spent in this place.
 B = Non-inter-level travel time spent in this place.
 C = Inter-level travel time spent in this place.
 D = Time resting spent in this place.
 E = Time spent auto-exploring this place.
 F = Levels seen in this place.
 G = Mean time per level.
                   A        B        C        D        E       F      G
               +--------+--------+--------+--------+--------+-----+--------+
         Total |   1075 |   1026 |     49 |     40 |    771 |   2 |  537.5 |
       Dungeon |   1075 |   1026 |     49 |     40 |    771 |   2 |  537.5 |
               +--------+--------+--------+--------+--------+-----+--------+

Top non-repeatable levels by time:
     D:1: 798 daAuts
     D:2: 277 daAuts
